 Dungeon Crawl Stone Soup version 0.30.0-10-gfe55d96785 (webtiles) character file.

Game seed: 13359012978401521275

306 AlmostDecent the Shooter (level 6, -3/36 HPs)
             Began as a Gargoyle Hunter on May 14, 2023.
             Slain by a wight
             ... wielding a +3 war axe
              (7 damage)
             ... on level 4 of the Dungeon.
             The game lasted 00:05:28 (2392 turns).

AlmostDecent the Shooter (Gargoyle Hunter)          Turns: 2392, Time: 00:05:29

Health: -3/36      AC:  7    Str: 15    XL:     6   Next: 39%
Magic:  15/15      EV: 12    Int:  9    God:
Gold:   180        SH:  0    Dex: 15    Spells: 5/5 levels left

rFire   + . .        a - +0 shortbow
rCold   . . .        (shield currently unavailable)
rNeg    + . .        c - +0 leather armour
rPois   ∞            (no helmet)
rElec   +            (no cloak)
rCorr   .            (no gloves)
SInv    .            (no boots)
Will    .....        n - amulet of regeneration
Stlth   ++           o - ring of protection from fire
HPRegen 1.06/turn    g - ring of magical power
MPRegen 0.14/turn

%: no passive effects
@: no status effects
A: sickness immunity, AC +4, negative energy resistance 1, electricity
resistance, torment resistance 1, petrification resistance
a: no special abilities


You were on level 4 of the Dungeon.
You visited 1 branch of the dungeon, and saw 4 of its levels.

You collected 180 gold pieces.

Inventory:

Hand Weapons
 a - a +0 shortbow (weapon)
Armour
 c - a +0 leather armour (worn)
Jewellery
 g - a ring of magical power (right hand)
 n - an amulet of regeneration (around neck)
 o - a ring of protection from fire (left hand)
 r - a ring of willpower
Scrolls
 b - a scroll of immolation
 d - a scroll of fog {unknown}
 e - 3 scrolls of amnesia {unknown}
 f - 3 scrolls of enchant armour {unknown}
 i - 4 scrolls of teleportation {unknown}
 k - a scroll of fear {unknown}
Potions
 h - a potion of curing
 j - 2 potions of brilliance {unknown}
 l - a potion of resistance {unknown}
 m - a potion of haste {unknown}
 p - a potion of degeneration {unknown}
 q - a potion of flight {unknown}
 s - a potion of heal wounds {unknown}
 t - a potion of might


   Skills:
 + Level 2.9 Fighting
 * Level 6.9 Ranged Weapons
 + Level 1.4 Armour
 + Level 1.8 Dodging
 + Level 1.1 Stealth


You had 5 spell levels left.
You didn't know any spells.
Your spell library contained the following spells:

 Spells                   Type           Power      Damage    Failure   Level
 Inner Flame              Hex/Fire       0%         N/A       83%         3
 Flame Wave               Conj/Fire      0%         2d4       99%         4
 Sticky Flame             Conj/Fire      0%         2d3       99%         4


Dungeon Overview and Level Annotations

Branches:
Dungeon (4/15)
 Temple: D:4-7

Altars:
Gozag


Innate Abilities, Weirdness & Mutations

You are immune to sickness and miasma.
Your stone body is resilient. (AC +4)
You are immune to poison.
You resist negative energy. (rN+)
You are resistant to electric shocks. (rElec)
You are resistant to unholy torment.
You are immune to petrification.


Message History

You shoot an arrow. The arrow completely misses the wight.
You shoot an arrow. The arrow hits the wight.
The wight is lightly damaged.
You shoot an arrow. The arrow completely misses the wight.
You shoot an arrow. The arrow closely misses the wight.
You shoot an arrow. The arrow hits the wight!
The wight is heavily damaged.
The wight hits you with a +3 war axe!
You shoot an arrow. The arrow closely misses the wight.
The wight hits you with a +3 war axe!
* * * LOW HITPOINT WARNING * * *
You are too injured to fight recklessly!
You are too injured to fight recklessly!
You are too injured to fight recklessly!
You are too injured to fight recklessly!
You are too injured to fight recklessly!
You are too injured to fight recklessly!
You are too injured to fight recklessly!
You are too injured to fight recklessly!
You are too injured to fight recklessly!
You are too injured to fight recklessly!
You are too injured to fight recklessly!
You are too injured to fight recklessly!
You are too injured to fight recklessly!
You are too injured to fight recklessly!
Fire: a) +0 shortbow
Press: ? - help, Q - select action Shift-Dir - straight line, f/p - wight
Aim: a wight, wielding a +3 war axe and wearing a +0 robe (heavily damaged, 63% to hit)
You shoot an arrow. The arrow closely misses the wight.
The wight barely misses you.
Fire: a) +0 shortbow
Press: ? - help, Q - select action Shift-Dir - straight line, f/p - wight
Aim: a wight, wielding a +3 war axe and wearing a +0 robe (heavily damaged, 63% to hit)
You shoot an arrow.
The arrow hits the wight but does no damage.
The wight is heavily damaged.
The wight hits you with a +3 war axe!
* * * LOW HITPOINT WARNING * * *
The wight hits you with a +3 war axe!
You die...

##########
#.....<†.#
#........#
#........#
#........#
#........#
#........#
#@.......#
......z.########
........#
........#
........#
........#
........#
........#


You could see a wight.

Vanquished Creatures
  Grinder (D:3)
  An orc priest (D:3)
  3 adders
  A worm (D:2)
  2 dart slugs
  3 orcs (D:3)
  8 endoplasms
  3 goblins
  5 hobgoblins
  2 quokkas
  6 ball pythons
  3 bats
  3 frilled lizards (D:2)
  9 kobolds
  4 rats
54 creatures vanquished.

Notes
Turn   | Place    | Note
-------+----------+-------------------------------------------
     0 | D:1      | AlmostDecent the Gargoyle Hunter began the quest for the
                  | Orb.
     0 | D:1      | Reached XP level 1. HP: 12/12 MP: 1/1
   592 | D:1      | Reached XP level 2. HP: 18/18 MP: 2/2
  1065 | D:2      | Reached XP level 3. HP: 22/22 MP: 3/3
  1193 | D:2      | Reached skill level 5 in Ranged Weapons
  1357 | D:2      | Found a faded altar of an unknown god.
  1486 | D:3      | Reached XP level 4. HP: 19/27 MP: 4/4
  1572 | D:3      | Found an opulent altar of Gozag.
  1850 | D:3      | Noticed Grinder
  1853 | D:3      | Paralysed by Grinder for 3 turns
  1862 | D:3      | Paralysed by Grinder for 2 turns
  1875 | D:3      | Paralysed by Grinder for 2 turns
  1878 | D:3      | HP: 1/27 [Grinder (13)]
  1881 | D:3      | Killed Grinder
  1882 | D:3      | Reached skill level 6 in Ranged Weapons
  1882 | D:3      | Reached skill level 1 in Armour
  1882 | D:3      | Reached XP level 5. HP: 14/32 MP: 5/5
  1882 | D:3      | Reached XP level 6. HP: 16/36 MP: 6/6
  2392 | D:4      | Slain by a wight

Illustrated notes

Levels and vault maps discovered:
D:1:      saegor_arrival_simple_a, layout_basic
D:2:      layout_rooms, hellmonk_ecumenical_altar_prayer_group,
          minmay_randomly_rotated_circles
D:3:      layout_basic, nicolae_gozag_seed_capital, uniq_grinder
D:4:      layout_gridville

Skill      XL: |  1  2  3  4 |
---------------+-------------+-----
Ranged Weapons | 5 6 |  6.9
Armour         | 1 |  1.4
Fighting       | |  2.9
Dodging        | |  1.8
Stealth        | |  1.1

Action                     |  1- 3 |  4- 6 || total
---------------------------+-------+-------++-------
   Fire: Shortbow          |    80 |    88 ||   168
    Use: Potion            |       |     3 ||     3
 Armour: Leather armour    |    12 |     8 ||    20
  Dodge: Dodged            |    19 |    20 ||    39
